[Event "55th Ladies GM 2024"]
[Site "Belgrade9"]
[Date "2024.03.08"]
[Round "7.1"]
[White "Mehmed, Elif"]
[Black "Pogorelskikh, Sofia"]
[Result "1/2-1/2"]
[ECO "B33"]
[WhiteElo "2194"]
[BlackElo "2214"]
[Annotator "RC"]
[PlyCount "120"]
[EventDate "2024.03.02"]
[EventType "tourn"]
[EventCountry "SRB"]
[SourceTitle "playchess.com"]
[Source "ChessBase"]
[SourceQuality "1"]
[TimeControl "40/5400+30:1800+30"]

1. e4 c5 2. Nf3 Nc6 3. d4 cxd4 4. Nxd4 Nf6 5. Nc3 e5 6. Ndb5 d6 7. Nd5 Nxd5 8. exd5 Ne7 9. c4 Ng6 10. Qa4 Bd7 11. Qb4 Qb8 12. h4 h5 13. Be3 a6 14. Nc3 Be7 15. Na4 Qc7 16. g3 O-O 17. Nb6 Rad8 18. Nxd7 Qxd7 19. Be2 Qf5 20. f3 Qd7 21. O-O-O f5 22. f4 exf4 23. gxf4 Bf6 24. Bxh5 Nh8 25. Bd4 Rc8 26. Bxf6 Rxf6 27. Rdg1 b5 28. Be2 bxc4 29. Rg3 Rg6 30. Rc3 Qb5 31. a3 Rg2 32. Bxc4 Qxb4 33. axb4 Rb8 34. Bd3 Rxb4 35. Rc8+ Kh7 36. Bxf5+ g6 37. Bd3 Rxf4 38. Bxa6 Nf7 39. Bf1 Rgf2 40. Bd3 Ne5 41. Bc2 Kg7 42. b3 Rd4 43. h5 gxh5 44. Rxh5 Nd3+ 45. Kb1 Rf1+ 46. Ka2 Rxd5 47. Rxd5 Nb4+ 48. Ka3 Nxd5 49. Rd8 Ra1+ 50. Kb2 Ra6 51. Be4 Nf6 52. Bf3 Kf7 53. b4 Ke7 54. Rc8 d5 55. Kb3 Kd7 56. Rc1 Rc6 57. Rd1 Kc7 58. Bxd5 Nxd5 59. Rxd5 Kb6 60. Ka4 Rh6 1/2-1/2

[Event "55th Ladies GM 2024"]
[Site "Belgrade9"]
[Date "2024.03.08"]
[Round "7.2"]
[White "Lu, Miaoyi"]
[Black "Vujovic, Vera"]
[Result "1-0"]
[ECO "A34"]
[WhiteElo "2392"]
[BlackElo "2175"]
[Annotator "RC"]
[PlyCount "51"]
[EventDate "2024.03.02"]
[EventType "tourn"]
[EventCountry "SRB"]
[SourceTitle "playchess.com"]
[Source "ChessBase"]
[SourceQuality "1"]
[TimeControl "40/5400+30:1800+30"]

1. Nf3 d5 2. e3 Nf6 3. c4 c5 4. cxd5 Nxd5 5. Nc3 Nc6 6. Bb5 a6 7. Bxc6+ bxc6 8. Qa4 Bb7 9. Ne5 Rc8 10. e4 Nb4 11. d4 e6 12. dxc5 Bxc5 13. O-O a5 14. a3 Na6 15. Nc4 Nb8 16. Bf4 Nd7 17. Rad1 Ba6 18. Ne5 Bxf1 19. Nxd7 Bxf2+ 20. Kxf2 Ba6 21. Qd4 f6 22. Qa7 e5 23. Qxa6 Qc7 24. Qc4 Ke7 25. Be3 Rcd8 26. Bc5+ 1-0

[Event "55th Ladies GM 2024"]
[Site "Belgrade9"]
[Date "2024.03.08"]
[Round "7.3"]
[White "Xu, Yuanyuan"]
[Black "Maltsevskaya, Aleksandra"]
[Result "1/2-1/2"]
[ECO "E62"]
[WhiteElo "2288"]
[BlackElo "2374"]
[Annotator "TA"]
[PlyCount "92"]
[EventDate "2024.03.02"]
[EventType "tourn"]
[EventCountry "SRB"]
[SourceTitle "playchess.com"]
[Source "ChessBase"]
[SourceQuality "1"]
[TimeControl "40/5400+30:1800+30"]

1. d4 Nf6 2. c4 g6 3. g3 Bg7 4. Bg2 O-O 5. Nf3 d6 6. O-O c6 7. Nc3 Bf5 8. Nh4 Be6 9. d5 cxd5 10. cxd5 Bd7 11. Be3 Na6 12. h3 b5 13. a3 Qc8 14. Kh2 Qc4 15. Nf3 Rfc8 16. Nd4 b4 17. axb4 Nxb4 18. Qd2 a5 $1 (18... Nbxd5 $2 19. Nxd5 Nxd5 20. Rfc1 $18) 19. Rfc1 {[%emt 0:07:36][%cal Oc3a2,Bf1c1,Bc1a1,Ba1a5][%mdl 32] [#] Und jetzt Na2! wäre schön.} Qa6 20. Ra3 Qb7 21. Rca1 Qc7 (21... a4 $14) 22. Ndb5 Bxb5 23. Nxb5 Qb7 (23... Qd8 $14) 24. Rxa5 $18 Rxa5 25. Rxa5 Nc2 26. Na7 Nxe3 27. Nxc8 $2 ({Der einzige Zug:} 27. Qxe3 $18 Re8 28. b3) 27... Nc4 $15 {[%emt 0:00:05] Ein dynamisches Springerpaar.} 28. Nxe7+ $1 Kf8 $1 29. Qf4 Nxa5 30. Nc6 Nxc6 31. dxc6 Qc7 (31... Qxb2 $2 {zu gefräßig.} 32. c7 (32. Qxd6+ Kg8 $18) 32... Qc3 33. Qxd6+ Kg8 34. Qd8+ Bf8 35. c8=Q $18 (35. c8=B Kg7 $11) (35. c8=R Qxc8 36. Qxc8 h5 $18)) 32. b4 Ne8 33. Bd5 Be5 34. Qc4 Qb6 ({Besser ist} 34... Bf6 $15 35. e3 Kg7) 35. e3 $1 $11 {[%emt 0:00:00] Die Stellung ist ausgeglichen.} Nc7 36. Bxf7 Qb5 $132 {[%emt 0:00:22][%mdl 2048] Schwarz wehrt sich} 37. Qxb5 Nxb5 38. Bc4 {[%emt 0:00:08][%cal Of2f4] [#] Und f4! würde nun gewinnen.} Nc7 39. b5 {[%emt 0:00:09] f4 ist eine echte Drohung.} d5 40. Be2 Na8 41. h4 Nb6 42. Kh3 Ke7 43. h5 gxh5 44. Kh4 Bc3 45. Bd3 Be1 46. f4 h6 {[%emt 0:03:53] Gewichteter Fehlerwert: Weiß=0.14 (sehr präzise) /Schwarz=0.11 (sehr präzise) .  Gewinn verpasst:   	Weiß=1     	---        Fehler:       	---       	Schwarz=3     Ungenau:       	Weiß=1     	Schwarz=2     OK:         	Weiß=17    	Schwarz=14    Bester:       	Weiß=1     	Schwarz=5     Stark:        	Weiß=2     	Schwarz=2} 1/2-1/2

[Event "55th Ladies GM 2024"]
[Site "Belgrade9"]
[Date "2024.03.08"]
[Round "7.4"]
[White "Kubicka, Anna"]
[Black "Kulkarni Bhakti"]
[Result "1-0"]
[ECO "C28"]
[WhiteElo "2278"]
[BlackElo "2372"]
[Annotator "TA"]
[PlyCount "95"]
[EventDate "2024.03.02"]
[EventType "tourn"]
[EventCountry "SRB"]
[SourceTitle "playchess.com"]
[Source "ChessBase"]
[SourceQuality "1"]
[TimeControl "40/5400+30:1800+30"]

1. e4 e5 2. Bc4 Nf6 3. d3 Nc6 4. Nc3 Bb4 5. Nge2 d5 6. exd5 Nxd5 7. O-O Be6 8. Bxd5 Bxd5 9. f4 O-O 10. f5 f6 11. Nxd5 {[%emt 0:00:07] The position is equal.} Qxd5 12. Kh1 Rad8 13. Ng3 Rf7 14. Ne4 Bf8 15. Be3 Nd4 16. Bxd4 Qxd4 17. b3 Ba3 18. Rb1 b5 19. Qh5 Qd5 20. Rf3 Qc6 21. Rf2 a5 22. g4 Re7 $2 (22... h6 $11 {and Black is okay.}) 23. g5 $18 {[%emt 0:07:55] [#] aiming for gxf6.} fxg5 24. Qxg5 Rf8 (24... Rd4 $142 25. f6 Rf7 26. Qxe5 Rd5) 25. f6 Ref7 26. Rbf1 ({Worse is} 26. Qxe5 Rxf6 (26... gxf6 27. Qf5 $14) 27. Rg1 Rg6 (27... Rxf2 28. Qxg7#) 28. Rxg6 hxg6 29. Rxf8+ Bxf8 $11) 26... Re8 $2 (26... Rd8 {keeps fighting.} 27. Rg2 (27. Qxe5 g6 $16) 27... Bc5) 27. Qh5 (27. Rg2 $142) 27... g6 28. Rg2 {[%emt 0:02:34][%cal Og2g6] White threatens Rxg6+! and mate.} Re6 29. Rfg1 (29. Qh4 $18) 29... Rfxf6 30. Nxf6+ Rxf6 31. Qxe5 Bb4 (31... Re6 $16 {was worth a try.} 32. Qa1 Bb4) 32. Qe4 Qxe4 33. dxe4 {[%emt 0:00:02][%mdl 4096] Endgame. KRR-KRB} Kf7 34. Re2 Ke6 35. Rc1 Bc3 36. Rd1 c6 37. Kg2 Rf8 38. Rd3 b4 39. a4 c5 40. Rh3 Rf7 41. Rf3 Rc7 {[%emt 0:33:46] [#]} 42. e5 $1 c4 (42... Rf7 43. Rf6+) 43. Rf6+ Ke7 44. Ra6 cxb3 45. cxb3 Rc5 46. e6 Be5 47. Rd2 {[%emt 0:00:00] Prevents Rd5. Threatening mate with Rd7+.} Kf6 48. Rf2+ {[%emt 0:00:00] Weighted Error Value: White=0.19 (very precise) /Black=0.51.  Loses game:     	---       	Black=1      Mistake:       	White=2     	Black=3      Inaccurate:     	---       	Black=2      OK:         	White=19    	Black=9      Best:        	White=3     	---} 1-0

[Event "55th Ladies GM 2024"]
[Site "Belgrade9"]
[Date "2024.03.08"]
[Round "7.5"]
[White "Djukic, Sandra"]
[Black "Doluhanova, Evgeniya"]
[Result "0-1"]
[ECO "E17"]
[WhiteElo "2127"]
[BlackElo "2261"]
[Annotator "RC"]
[PlyCount "122"]
[EventDate "2024.03.02"]
[EventType "tourn"]
[EventCountry "SRB"]
[SourceTitle "playchess.com"]
[Source "ChessBase"]
[SourceQuality "1"]
[TimeControl "40/5400+30:1800+30"]

1. d4 Nf6 2. c4 e6 3. Nf3 b6 4. g3 Bb7 5. Bg2 Be7 6. O-O O-O 7. Re1 d5 8. cxd5 exd5 9. Nc3 c5 10. Bf4 Nc6 11. dxc5 Bxc5 12. e3 h6 13. Nd4 Re8 14. Nxc6 Bxc6 15. g4 Qd7 16. Rf1 g5 17. Bg3 Rad8 18. b4 Bxb4 19. Qd4 Qe7 20. h3 Bc5 21. Qd3 Ne4 22. Nxe4 dxe4 23. Qc2 Bb5 24. Rfd1 Bd3 25. Qb3 a5 26. a4 Rd7 27. Rdc1 Red8 28. Rc3 Ba6 29. Rac1 Rd2 30. Kh2 Bb7 31. Rxc5 bxc5 32. Qb6 Rc8 33. Qxa5 Rd3 34. Qb5 Bd5 35. a5 Rb3 36. Qa6 Qe6 37. Qe2 c4 38. Bf1 Ra3 39. Qb2 Rxa5 40. Qc3 Rb5 41. Be5 f6 42. Bd4 Kg7 43. Kg1 Qd6 44. Be2 Rb3 45. Qd2 Kg6 46. Bc3 Rd8 47. Rd1 Rd7 48. Qc2 Qc6 49. Rd4 Be6 50. Rxd7 Bxd7 51. Qd2 Be6 52. Qd4 Bd5 53. Bd1 Rb7 54. Bc2 Kg7 55. f3 exf3 56. e4 Bf7 57. e5 Qb6 58. exf6+ Kg8 59. Kf2 Qxd4+ 60. Bxd4 Bd5 61. Bd1 Kf7 0-1

[Event "55th Ladies GM 2024"]
[Site "Belgrade9"]
[Date "2024.03.09"]
[Round "8.1"]
[White "Pogorelskikh, Sofia"]
[Black "Doluhanova, Evgeniya"]
[Result "1/2-1/2"]
[ECO "C67"]
[WhiteElo "2214"]
[BlackElo "2261"]
[Annotator "TA"]
[PlyCount "81"]
[EventDate "2024.03.02"]
[EventType "tourn"]
[EventCountry "SRB"]
[SourceTitle "playchess.com"]
[Source "ChessBase"]
[SourceQuality "1"]
[TimeControl "40/5400+30:1800+30"]

1. e4 e5 2. Nf3 Nc6 3. Bb5 Nf6 4. O-O Nxe4 5. Re1 Nd6 6. a4 Be7 7. Nc3 O-O 8. d4 e4 9. Nxe4 Nxe4 10. Rxe4 d5 11. Re1 Bd7 12. c3 Re8 13. Bf4 Bf6 14. Rxe8+ Bxe8 15. Qc2 Bd7 16. Re1 {[%emt 0:03:15] Weiß steht deutlich aktiver.} Ne7 17. Bd3 Ng6 18. Bg3 c6 19. Ne5 Nf8 20. Nxd7 (20. f4 $16) 20... Qxd7 $11 21. Bf5 {[%emt 0:02:07] Ein starkes Läuferpaar.} Qd8 (21... Re8 $5 22. f4 (22. Bxd7 $2 Rxe1#) 22... Qd8 $11) 22. Qb3 $36 {[%emt 0:01:21][%mdl 2048] Weiss hat Initiative.} g6 23. Bh3 Qb6 24. Qa3 h5 25. a5 Qb5 26. Bd6 Nh7 27. g3 {[%emt 0:02:43] Und Bf1 würde nun gewinnen.} Qd3 {[%emt 0:01:13] [#]} ({Vorzuziehen ist} 27... b6) 28. Bf1 (28. Qb4 $1 $16 Ng5 29. Bg2 (29. Qxb7 $2 {verliert.} Nf3+ 30. Kh1 Rd8 $19)) 28... Qf5 $1 $14 29. Qb3 Qd7 {[%emt 0:02:04] Die Stellung ist ausgeglichen.} 30. Bf4 h4 31. Qd1 hxg3 32. hxg3 Ng5 33. Bg2 Kg7 34. Be5 Bxe5 35. Rxe5 f6 36. Re1 Re8 37. Rxe8 Qxe8 38. Kf1 Qd8 39. b4 Qd7 40. Qd3 a6 41. Ke1 {[%emt 0:09:03] Gewichteter Fehlerwert: Weiß=0.10 (sehr präzise) /Schwarz=0.07 (makellos) .  Fehler:       	Weiß=2     	Schwarz=1     Ungenau:       	Weiß=3     	Schwarz=5     OK:         	Weiß=17    	Schwarz=17    Stark:        	---       	Schwarz=1} 1/2-1/2

[Event "55th Ladies GM 2024"]
[Site "Belgrade9"]
[Date "2024.03.09"]
[Round "8.2"]
[White "Kulkarni Bhakti"]
[Black "Djukic, Sandra"]
[Result "1/2-1/2"]
[ECO "D27"]
[WhiteElo "2372"]
[BlackElo "2127"]
[Annotator "TA"]
[PlyCount "69"]
[EventDate "2024.03.02"]
[EventType "tourn"]
[EventCountry "SRB"]
[SourceTitle "playchess.com"]
[Source "ChessBase"]
[SourceQuality "1"]
[TimeControl "40/5400+30:1800+30"]

1. Nf3 Nf6 2. c4 e6 3. e3 d5 4. Nc3 dxc4 5. Bxc4 a6 6. a4 c5 7. d4 Be7 8. O-O Nc6 9. Qe2 cxd4 10. Rd1 O-O 11. exd4 Nb4 12. Bg5 Nbd5 13. Rac1 h6 14. Bh4 Nxc3 (14... Bd7 $11 {ist eher angebracht.}) 15. bxc3 $14 {[%emt 0:09:29] Weiß steht etwas besser.} Bd7 16. Bb3 Qe8 17. Ra1 {[%emt 0:06:00] Weiß hat aktiveres Spiel.} Bc6 18. Ne5 Nd5 19. Bxe7 Qxe7 20. Bc2 Qg5 (20... Nxc3 $2 21. Qd3 Be4 22. Qxc3 $18) 21. Nxc6 (21. g3 $14) 21... bxc6 $11 22. g3 g6 (22... Nxc3 $2 {ist das falsche Schlagen.} 23. Qd3 Rfc8 24. Qxc3 $18) 23. h4 Qf6 ({Vergiftet wäre} 23... Nxc3 $2 24. Qe1 Qf6 (24... Qa5 $2 25. Ra3 $18) 25. Qxc3 $18) 24. Qd3 h5 {[%emt 0:00:11] Die Stellung ist ausgeglichen.} 25. Rab1 a5 26. Rb3 Rab8 27. Rdb1 Rxb3 28. Rxb3 e5 29. Qe4 exd4 30. cxd4 Nb4 31. Rf3 Qd6 32. Bb3 {[%emt 0:00:06][%cal Of3f7] [#] Und Rxf7! würde nun gewinnen.} Nd5 33. g4 {[%emt 0:00:44] gxh5 wäre nun fies.} hxg4 34. Qxg4 Kg7 35. Qg3 {[%emt 0:06:47] Gewichteter Fehlerwert: Weiß=0.12 (sehr präzise) /Schwarz=0.07 (makellos) .  Fehler:       	Weiß=1     	Schwarz=1     Ungenau:       	Weiß=3     	Schwarz=1     OK:         	Weiß=9     	Schwarz=12} 1/2-1/2

[Event "55th Ladies GM 2024"]
[Site "Belgrade9"]
[Date "2024.03.09"]
[Round "8.3"]
[White "Maltsevskaya, Aleksandra"]
[Black "Kubicka, Anna"]
[Result "1/2-1/2"]
[ECO "B14"]
[WhiteElo "2374"]
[BlackElo "2278"]
[Annotator "TA"]
[PlyCount "24"]
[EventDate "2024.03.02"]
[EventType "tourn"]
[EventCountry "SRB"]
[SourceTitle "playchess.com"]
[Source "ChessBase"]
[SourceQuality "1"]
[TimeControl "40/5400+30:1800+30"]

1. e4 c6 2. d4 d5 3. exd5 cxd5 4. c4 Nf6 5. Nc3 g6 6. Bg5 dxc4 7. Bxc4 Bg7 8. Nf3 O-O 9. h3 Nc6 10. a3 Bf5 11. O-O Ne4 {[%emt 0:05:12] aiming for ...Nxg5.} 12. Be3 Rc8 {[%emt 0:03:34] A rather calm draw.   Weighted Error Value: White=0.12 (very precise) /Black=0.00 (flawless) .  OK:         	White=2     	Black=3} 1/2-1/2

[Event "55th Ladies GM 2024"]
[Site "Belgrade9"]
[Date "2024.03.09"]
[Round "8.4"]
[White "Vujovic, Vera"]
[Black "Xu, Yuanyuan"]
[Result "0-1"]
[ECO "B10"]
[WhiteElo "2175"]
[BlackElo "2288"]
[Annotator "TA"]
[PlyCount "76"]
[EventDate "2024.03.02"]
[EventType "tourn"]
[EventCountry "SRB"]
[SourceTitle "playchess.com"]
[Source "ChessBase"]
[SourceQuality "1"]
[TimeControl "40/5400+30:1800+30"]

1. e4 c6 2. Nf3 d5 3. d3 Qc7 4. Nc3 dxe4 5. dxe4 e5 6. Be3 Nf6 7. a3 h6 8. h3 {[%emt 0:01:10] The position is equal.} Be6 9. Bd3 Nbd7 10. b4 b5 11. O-O a5 12. Qd2 Be7 (12... axb4 13. axb4 Rc8 14. Ne2 $14 (14. Ra7 Qb8 $11)) 13. Ne2 O-O 14. Ng3 Rfd8 15. Qc3 Ne8 16. Rfc1 Nd6 17. Nd2 (17. Nxe5 $2 Nxe5 18. Qxe5 Bf6 $19) 17... Nb6 18. Nb3 (18. bxa5 {with more complications.} Na4 19. Qxe5 Bf6 20. Qf4) 18... axb4 19. axb4 Na4 20. Qe1 Nc4 21. Bxc4 Bxc4 22. Nf5 Bf8 23. Na5 {[%emt 0:02:11] Excellent horsemanship.} Be6 24. c4 {[%emt 0:01:22] [#] And now cxb5 would win.} Qd7 $1 $36 {[%emt 0:10:52][%mdl 2048] Black has some pressure.} 25. cxb5 cxb5 26. Nc6 Bxf5 27. exf5 Re8 28. g4 Ra6 29. Na5 {[%emt 0:00:16] [#]} (29. Qd2 $11 {was the only way to keep the balance.} Qb7 30. Na5) 29... Nb2 $1 $17 30. Qe2 {[%emt 0:00:40] This move loses the game for White.} (30. Qc3 $17 Nd3 31. Rd1) 30... Nd3 $19 (30... Bxb4 31. Qxb2 Bxa5 32. Rc5 $11) 31. Rd1 e4 (31... Bxb4 32. Rxd3 (32. Qxd3 Qxd3 33. Rxd3 Rxa5 $11) 32... Qc7 33. Nb3 Rxa1+ 34. Nxa1 $16) 32. f3 $2 (32. Rab1 {was worth a try.}) 32... Qc7 33. fxe4 (33. f4 $142) 33... Qg3+ ({Not} 33... Bxb4 34. Rxd3 Bxa5 (34... Rxa5 35. Rc1 $17) 35. Qf3 $17) 34. Kh1 Qxh3+ 35. Kg1 Rxe4 {[%emt 0:01:54] Black mates.} 36. Qxd3 Rxg4+ 37. Kf2 Rg2+ 38. Ke1 Qh4+ {[%emt 0:00:08] Weighted Error Value: White=0.67/Black=0.04 (flawless) .  Mistake:       	White=4     	---        Inaccurate:     	White=1     	Black=3      OK:         	White=7     	Black=11     Best:        	White=2     	Black=2      Strong:       	---       	Black=2} 0-1

[Event "55th Ladies GM 2024"]
[Site "Belgrade9"]
[Date "2024.03.09"]
[Round "8.5"]
[White "Mehmed, Elif"]
[Black "Lu, Miaoyi"]
[Result "1/2-1/2"]
[ECO "B32"]
[WhiteElo "2194"]
[BlackElo "2392"]
[Annotator "TA"]
[PlyCount "42"]
[EventDate "2024.03.02"]
[EventType "tourn"]
[EventCountry "SRB"]
[SourceTitle "playchess.com"]
[Source "ChessBase"]
[SourceQuality "1"]
[TimeControl "40/5400+30:1800+30"]

1. e4 c5 2. Nf3 Nc6 3. d4 cxd4 4. Nxd4 Qb6 5. Nb3 g6 6. Be3 Qb4+ 7. N1d2 Bg7 8. c3 {[%emt 0:00:04] White is slightly better.} Qd6 9. Be2 Qc7 10. Nd4 Nf6 11. Nb5 Qb8 12. c4 O-O 13. O-O Ne8 14. Nc3 Nd4 15. Nb3 Nxe2+ 16. Qxe2 b6 (16... Bxc3 $11 17. bxc3 b6) 17. Nd5 e6 18. Bf4 Qb7 {[%emt 0:14:59] Black is weak on the dark squares} 19. Ne7+ Kh8 20. Rfd1 (20. e5 $14) 20... Qa6 (20... d6 $11 21. Nxc8 (21. Bxd6 $2 {is the wrong capture.} Nxd6 22. Nxg6+ hxg6 $19) 21... Rxc8) 21. e5 $16 {[%emt 0:08:37] White has more active pieces. The black rooks are passive.} Qa4 $2 {[%emt 0:04:03][%mdl 32768] Weighted Error Value: White=0.16 (very precise) /Black=0.25 (precise) .  Loses game:     	---       	Black=1      Mistake:       	White=1     	Black=2      Inaccurate:     	White=3     	Black=4      OK:         	White=3     	Black=4      Best:        	White=2     	---       . An unexpected result.} (21... f6 $16) 1/2-1/2

[Event "55th Ladies GM 2024"]
[Site "Belgrade9"]
[Date "2024.03.10"]
[Round "9.1"]
[White "Lu, Miaoyi"]
[Black "Pogorelskikh, Sofia"]
[Result "1-0"]
[ECO "B31"]
[WhiteElo "2392"]
[BlackElo "2214"]
[Annotator "TA"]
[PlyCount "123"]
[EventDate "2024.03.02"]
[EventType "tourn"]
[EventCountry "SRB"]
[SourceTitle "playchess.com"]
[Source "ChessBase"]
[SourceQuality "1"]
[TimeControl "40/5400+30:1800+30"]

1. e4 c5 2. Nf3 Nc6 3. Bb5 g6 4. O-O Bg7 5. Re1 e5 6. Bxc6 dxc6 7. a4 Qe7 8. Na3 Nh6 9. Nc4 f6 10. a5 O-O 11. d3 Nf7 12. Be3 Bh6 13. Nfd2 Be6 {The position is equal.} 14. Qe2 Bxe3 15. Qxe3 Nd8 16. h4 Bf7 17. h5 Ne6 18. g3 (18. hxg6 $142 hxg6 19. Qh6) 18... g5 (18... gxh5 $142 19. Qh6 Bg6) 19. h6 Rfd8 20. Kg2 Kh8 21. Qf3 Nd4 22. Qd1 Qf8 23. Rh1 Bg6 24. Ne3 Rd7 25. Ng4 Rad8 26. Nc4 Qe7 27. c3 (27. Nge3 $14 {stays ahead.}) 27... Ne6 (27... Nb5 $1 $17 28. Qf3 Rxd3 29. Qxf6+ Qxf6 30. Nxf6 Rf8) 28. Qf3 {[%emt 0:00:00] [#]} Nf4+ $1 29. gxf4 Rxd3 30. Qe2 exf4 {[%emt 0:00:25] Hoping for ...f3+.} 31. f3 (31. Kh2 $1 $11 Bh5 32. Rhd1) 31... Bf7 $1 $17 32. Nf2 $1 Bxc4 33. Nxd3 Bxd3 (33... Rxd3 $6 34. Rhd1 Rxd1 (34... Rxc3 35. Qd2 $11) 35. Qxd1 $14) 34. Qe1 {[%emt 0:00:00] White is weak on the light squares} c4 {[%emt 0:02:12][%cal Og5g4] And now ...g4! would win.} 35. Rh5 {[%emt 0:00:00] [#]} ({White should play} 35. Qf2 $1 $15) 35... Qf7 (35... g4 $1 $19 {[%cal Rg4f3] has better winning chances.} 36. fxg4 Bxe4+ (36... Qxe4+ 37. Qxe4 Bxe4+ 38. Kf1 $16) 37. Kh2 Qe6) 36. Qh1 {[%emt 0:00:00] [#]} (36. Rh3 $17) 36... Be2 $1 $19 {[%emt 0:02:37] ...Rd3 would now be deadly.} 37. Kf2 Rd2 38. Ke1 $2 (38. Re1 Bd1+ 39. Kg1) 38... Qd7 39. Qh3 g4 $4 (39... Qd8 $19 {[%cal Od2c2] ( -> ...Rc2!)} 40. Rxg5 Rxb2 (40... fxg5 41. Qe6 $11)) 40. Qxg4 $40 {[%emt 0:00:31][%mdl 128] White has strong attack.} Rd1+ 41. Kf2 $1 Qxg4 42. fxg4 Rxa1 43. Kxe2 {[%emt 0:00:02][%mdl 4096] Endgame. KR-KR} Rg1 $2 (43... Kg8 $16) 44. Rf5 Rxg4 45. Rxf6 Kg8 46. Kf3 Rg5 47. a6 (47. Kxf4 Rxa5 48. Rd6 Rh5 $14) (47. Rxf4 Rxa5 48. Rg4+ Kf7 $14) 47... Rb5 48. axb7 (48. Rxf4 bxa6 49. Rg4+ Kf7 $16) (48. Kxf4 $18 {is the precise move to win.} bxa6 49. Rxc6) 48... Rxb2 (48... Rxb7 $16 49. Kxf4 (49. Rxc6 Rxb2 50. Kxf4 Kf7 $16) 49... Rxb2 50. Rxc6 Kf7) 49. Rxc6 {[%emt 0:12:12] Intending Rc8+ and mate.} Rxb7 50. Kxf4 {[%emt 0:00:06][%cal Of4f5] Threatens to win with Kf5!} (50. Rxc4 Rb6 $16) 50... a5 (50... Kf8 $142 51. e5 (51. Rxc4 Rb6 $18) 51... Ke8) 51. Kf5 {[%emt 0:02:55][%cal Of5f6] White threatens Kf6! and mate.} (51. Rxc4 Rb6 $16) 51... Rb8 $2 (51... Kf8 $18 52. Rc8+ (52. Rxc4 Rf7+ 53. Ke6 Re7+ 54. Kd6 Kf7 $16) 52... Ke7) 52. Ra6 ({Stronger than} 52. Rxc4 Rb6 $11) (52. e5 $142 Rb1 53. Kf6 (53. Rxc4 Rh1 $18) 53... Rf1+ 54. Ke7 Rf7+ 55. Kd6 Rf8 56. e6 (56. Rxc4 Rb8 $18) 56... Rf6 57. Rc8+ (57. Rxc4 Rxh6 58. Kd7 Rf6 59. e7 Rf7 60. Rg4+ Kh8 61. Ke6 Rxe7+ 62. Kxe7 h5) 57... Rf8 58. Rxf8+ (58. Rxc4 Re8 59. Kd7 Rb8 60. Ke7 Rb7+ 61. Kf6 Rb8 62. Rg4+ Kf8 63. e7+ Ke8) 58... Kxf8 59. Kd7) 52... Rf8+ 53. Ke6 {[%emt 0:00:11] White mates.} Re8+ 54. Kf6 Rf8+ 55. Ke7 Rb8 56. e5 ({Weaker is} 56. Rxa5 Rb7+ 57. Ke6 Rb6+ 58. Ke7 Rb7+ 59. Ke8 Rb8+ 60. Kd7 Rb7+ 61. Kc6 Rb3 $18) 56... a4 57. e6 a3 58. Rxa3 Rb7+ 59. Kf6 Rb8 60. Ra7 Rc8 61. Ke7 Rb8 62. Rd7 {[%emt 0:00:03] Quite a comeback for White.   Weighted Error Value: White=0.30/Black=0.51.  Loses game:     	---       	Black=2      Mistake:       	White=7     	Black=5      Inaccurate:     	White=3     	Black=4      OK:         	White=12    	Black=11     Best:        	White=5     	Black=3      Strong:       	White=2     	Black=2} 1-0